 Dungeon Crawl Stone Soup version 0.19-a0-36-g4a0968a (webtiles) character file.

56296 M4edhros the Martial Artist (level 14, -8/114 HPs)
             Began as an Octopode Necromancer on May 3, 2016.
             Was a High Priest of Cheibriados.
             Mangled by an orc warlord
             ... wielding a +5 vampiric war axe
              (27 damage)
             ... on level 1 of the Orcish Mines.
             The game lasted 01:10:10 (9353 turns).

M4edhros the Martial Artist (Octopode Necromancer)  Turns: 9353, Time: 01:10:11

Health: -8/114     AC: 10    Str: 22    XL:     14   Next: 81%
Magic:  5/20       EV: 26    Int: 30    God:    Cheibriados [*****.]
Gold:   816        SH:  4    Dex: 30    Spells: 5 memorised, 4 levels left

rFire  x . .     SeeInvis +       - Unarmed
rCold  + + +     Gourm    .     (shield currently unavailable)
rNeg   . . .     Faith    .     (helmet currently unavailable)
rPois  +         Spirit   .     Y - +4 amulet of reflection
rElec  .         Dismiss  .     y - ring of sustain attributes
rCorr  .         Reflect  +     d - ring of see invisible
SustAt +         Harm     .     O - ring of see invisible
MR     ++...                    I - ring of protection from magic
Stlth  +++.......               n - ring of poison resistance
                                V - +3 ring of protection
                                W - ring of wizardry
                                (no ring)

@: ice-form, very slow, very resistant to hostile enchantments, fairly stealthy
A: almost no armour, amphibious, 8 rings, (constrict 8), repulsion field 1,
(camouflage 0), blurry vision 1, dopey 1, (gelatinous body 0)
a: End Transformation, Bend Time, Temporal Distortion, Slouch, Step From Time,
Renounce Religion


You were on level 1 of the Orcish Mines.
You worshipped Cheibriados.
Cheibriados was extremely pleased with you.
You were hungry.
You were a creature of crystalline ice.
You visited 3 branches of the dungeon, and saw 24 of its levels.
You also visited: Labyrinth and Ossuary.

You collected 816 gold pieces.

Inventory:

Hand Weapons
 R - a +0 greatsling
Missiles
 h - 12 tomahawks (quivered)
Armour
 N - a +0 buckler (melded)
Jewellery
 d - a ring of see invisible (right front paw)
 n - a ring of poison resistance (on tentacle)
 y - a ring of sustain attributes (left front paw)
 B - an uncursed amulet of guardian spirit
 I - a ring of protection from magic (on tentacle)
 O - a ring of see invisible (on tentacle)
 V - a +3 ring of protection (on tentacle)
 W - a ring of wizardry (on tentacle)
 Y - a +4 amulet of reflection (around neck)
Wands
 c - a wand of teleportation (3/9)
 g - a wand of lightning (9/15)
 j - a wand of polymorph (15/24)
 o - a wand of digging (10/24)
 D - a wand of confusion (8/48)
 F - a wand of polymorph (9/24)
 J - a wand of acid (1/15)
 P - a wand of flame (25/48)
 T - a wand of lightning (10/15)
 X - a wand of paralysis (11/24)
 Z - a wand of acid (3/15)
Scrolls
 a - a scroll of magic mapping
 e - a scroll of blinking {unknown}
 p - 4 scrolls of enchant weapon {unknown}
 q - 3 scrolls of recharging
 s - 8 scrolls of teleportation
 t - 6 scrolls of amnesia {unknown}
 w - 3 scrolls of fog {unknown}
 A - 3 scrolls of random uselessness {unknown}
 G - a scroll of enchant armour {unknown}
 H - a scroll of vulnerability {unknown}
 K - a scroll of acquirement {unknown}
 M - 3 scrolls of fear
 Q - 2 scrolls of silence
Potions
 f - a potion of cancellation
 m - 3 potions of curing
 r - 5 potions of brilliance
 u - a potion of flight
 S - a potion of ambrosia
Books
 k - a book of Unlife

   Spells                             Type                      Level
   a - Recall                         Summoning/Translocation      3
   b - Animate Dead                   Necromancy                   4
   c - Control Undead                 Necromancy                   4
   d - Cigotuvi's Embrace             Necromancy                   5
   e - Death Channel                  Necromancy                   6
   f - Simulacrum                     Ice/Necromancy               6
Miscellaneous
 i - a phial of floods (inert)
 z - a plain deck of defence
Comestibles
 b - 8 bread rations
 x - 6 slices of pizza
 C - 13 fruits
 E - 2 meat rations


   Skills:
 + Level 8.7 Fighting
 * Level 12.1 Dodging
 - Level 2.6 Stealth
 - Level 6.4 Shields
 + Level 14.4 Unarmed Combat
 - Level 2.0 Spellcasting
 - Level 4.0 Necromancy
 - Level 8.6 Transmutations
 - Level 6.9 Invocations
 - Level 9.0 Evocations


You had 4 spell levels left.
You knew the following spells:

 Your Spells              Type           Power        Failure   Level  Hunger
a - Pain                  Necr           ####         1%          1    None
b - Animate Skeleton      Necr           N/A          1%          1    None
c - Animate Dead          Necr           N/A          7%          4    ####...
d - Ice Form              Ice/Trmt       ####....     7%          4    ####...
r - Regeneration          Chrm/Necr      ###.......   4%          3    ###....


Dungeon Overview and Level Annotations

Branches:
Dungeon (15/15)              Lair (8/8) D:11         Shoals (0/4) Lair:3
 Spider (0/4) Lair:6        Slime (0/6) Lair:8          Orc (1/2) D:11
 Vaults (0/5) D:14
 Temple: D:4-7       Depths: D:15

Altars:
Cheibriados
Fedhas
Kikubaaqudgha
Makhleb
Pakellas
Qazlal
Trog
Zin

Shops:
D:4 (   D:8 %

Portals:
Hell: Lair:8

Annotations:
D:6 2 exclusions
D:11 Erolcha
D:12 simok's ghost, journeyman CeHu


Innate Abilities, Weirdness & Mutations

You cannot wear most types of armour.
You are amphibious.
You can wear up to eight rings at the same time.
((You can use your tentacles to constrict eight enemies at once.))
((Your skin changes colour to match your surroundings (Stealth).))
((Your rubbery body absorbs attacks (AC +1).))
You are surrounded by a mild repulsion field (EV +2).
Scrolls take you a little longer to read.
You are dopey. (Int -2)


Message History

The orc warlord roars a battlecry!
The orc goes into a battle-frenzy!
The orc warlord unwields an uncursed arbalest of flaming.
It stops flaming.
The orc warlord wields an uncursed vampiric war axe.
The orc warlord hits you with an uncursed vampiric war axe!!!
* * * LOW HITPOINT WARNING * * *
As you read the scroll of fear, it crumbles to dust.
You assume a fearsome visage.
The ogre looks frightened!
The orc warlord resists with some effort.
The orc looks frightened!
Drink which item? (? for menu, Esc to quit)
Okay, then.
Read which item? (? for menu, Esc to quit)
Okay, then.
You're too hungry.
Eat which item? (? for menu, Esc to quit)
You are feeling hungry.
The orc warlord hits you with an uncursed vampiric war axe!!
You die...

)..)...#...##
.)).).......##.
..)..$........
.....$o.....##
......)......##
........$.....###
.......(.....<..##
......#..o.......#
........((Y..##.##
.............# ##
.$.......##.##
......$...###
......O..#
........#
.......## ....##


You could see an orc warlord, an ogre (fleeing) and an orc (fleeing).

Vanquished Creatures
  Frances (D:12)
  A dire elephant (Lair:8)
  A minotaur (Lab)
  2 fire dragons
  Josephine (Lair:7)
  3 hydras
  A centaur warrior (D:14)
  A catoblepas (Lair:4)
  6 death yaks
  A deep troll (D:14)
  3 unseen horrors
  A wizard (Lair:8)
  2 hill giants (D:13)
  4 cyclopes (D:14)
  A wolf spider zombie (D:15)
  A wolf spider (Lair:6)
  A deep elf mage (D:14)
  A manticore (D:8)
  14 elephants
  An ugly thing (D:12)
  A centaur zombie (D:12)
  3 black mambas
  An orange demon (Lair:8)
  4 spiny frogs
  4 gargoyles (Lab)
  3 centaur skeletons
  5 komodo dragons
  A red devil (Lair:8)
  An ice devil (Lair:8)
  5 trolls
  A merfolk (D:10)
  5 boulder beetles (Lair:7)
  A two-headed ogre (D:8)
  3 slime creatures (D:12)
  15 blink frogs
  5 wraiths (Lair:7)
  5 wyverns
  2 basilisks
  Eustachio (D:4)
  17 yaks
  A human (D:10)
  12 hippogriffs
  3 hungry ghosts
  2 vampire mosquitoes (D:12)
  Menkaure (Ossuary)
  A hell hound (Lair:8)
  4 water moccasins (Lair:8)
  3 orc warriors (Orc:1)
  8 porcupines
  2 sky beasts
  A phantom (D:4)
  2 black bears
  5 ogres
  18 wolves
  4 centaurs
  11 crocodiles
  3 big kobolds
  A big kobold (shapeshifter) (D:8)
  15 giant frogs
  2 water moccasin skeletons (D:8)
  3 scorpions
  2 vampire bats (D:2)
  4 wights
  8 killer bees
  3 howler monkeys
  7 crimson imps
  3 giant frog zombies
  5 hounds
  5 jellies
  A giant frog skeleton (D:7)
  4 orc priests
  12 orc wizards
  5 iguanas
  8 worker ants
  A killer bee zombie (D:9)
  4 sheep (D:14)
  A hound skeleton (D:11)
  2 mummies (Ossuary)
  2 gnolls (D:4)
  50 river rats
  2 adders
  5 shadow imps
  2 oozes (Lair:8)
  A dart slug (D:1)
  A giant gecko (D:7)
  22 orcs
  2 bats
  4 bat skeletons (D:2)
  3 bat zombies (D:2)
  3 gnoll zombies (Ossuary)
  5 goblins
  5 hobgoblins
  5 quokkas
  A giant gecko zombie (D:8)
  3 giant newts
  5 gnoll skeletons (Ossuary)
  5 goblin skeletons (Ossuary)
  4 goblin zombies (Ossuary)
  3 hobgoblin skeletons (Ossuary)
  3 hobgoblin zombies (Ossuary)
  7 kobolds
  4 kobold skeletons (Ossuary)
  6 kobold zombies (Ossuary)
  4 orc skeletons (Ossuary)
  6 orc zombies (Ossuary)
  A quokka skeleton (D:9)
  3 rats
  A rat skeleton (Ossuary)
  2 rat zombies (Ossuary)
  2 fungi
  A plant (D:11)
480 creatures vanquished.

Vanquished Creatures (collateral kills)
  A hydra (Lair:6)
  5 death yaks
  A sun demon (Lair:8)
  An oklob plant (Lair:4)
  A cyclops (D:11)
  A sixfirhy (Lair:8)
  A smoke demon (Lair:8)
  A rime drake (Lair:6)
  5 red devils (Lair:8)
  A wyvern (D:13)
  2 hippogriffs (Lair:6)
  A hungry ghost (D:7)
  A hell hound (Lair:8)
  A water moccasin (Lair:6)
  3 wolves (Lair:4)
  A centaur (Lair:3)
  A crocodile (Lair:2)
  2 giant frogs
  2 wights (D:10)
  A gnoll (D:4)
  3 adders
  12 river rats
  An orc (D:5)
  2 kobolds
  A fungus (Lair:4)
52 creatures vanquished.

Vanquished Creatures (others)
  An ice dragon (D:6)
  A mummy (Ossuary)
  A hobgoblin skeleton (Ossuary)
  A hobgoblin zombie (Ossuary)
  2 kobold skeletons (Ossuary)
  A fungus (Lair:4)
  A plant (Lair:4)
8 creatures vanquished.

Grand Total: 540 creatures vanquished

Notes
Turn   | Place    | Note
--------------------------------------------------------------
     0 | D:1      | M4edhros the Octopode Necromancer began the quest for the Orb.
     0 | D:1      | Reached XP level 1. HP: 11/11 MP: 3/3
    45 | D:1      | Reached skill level 1 in Unarmed Combat
    70 | D:1      | Learned a level 1 spell: Animate Skeleton
   136 | D:2      | Found a snail-covered altar of Cheibriados.
   145 | D:2      | Became a worshipper of Cheibriados the Contemplative
   162 | D:1      | Reached XP level 2. HP: 15/17 MP: 1/5
   342 | D:2      | Reached skill level 2 in Unarmed Combat
   555 | D:2      | Reached * piety under Cheibriados
   579 | D:2      | Reached XP level 3. HP: 7/21 MP: 6/6
   586 | D:2      | Learned a level 3 spell: Regeneration
   627 | D:2      | Reached skill level 3 in Unarmed Combat
   627 | D:2      | Reached XP level 4. HP: 22/27 MP: 2/7
   634 | D:2      | Found an ancient bone altar of Kikubaaqudgha.
   636 | D:2      | Reached skill level 4 in Unarmed Combat
   934 | D:3      | Reached XP level 5. HP: 31/31 MP: 2/8
  1019 | D:3      | Reached ** piety under Cheibriados
  1047 | D:3      | Reached skill level 5 in Unarmed Combat
  1106 | D:4      | Noticed Eustachio
  1122 | D:4      | Killed Eustachio
  1122 | D:4      | Reached skill level 6 in Unarmed Combat
  1122 | D:4      | Reached XP level 6. HP: 26/36 MP: 9/9
  1212 | D:4      | Found Vireatyh's Weapon Shop.
  1221 | D:4      | Reached XP level 7. HP: 37/41 MP: 5/10
  1224 | D:4      | Reached skill level 7 in Unarmed Combat
  1442 | D:4      | Reached skill level 8 in Unarmed Combat
  1518 | D:5      | Entered Level 5 of the Dungeon
  1692 | D:6      | Reached *** piety under Cheibriados
  1700 | D:6      | Found an oddly glowing altar of Pakellas.
  1700 | D:6      | Noticed an ice dragon
  1717 | D:6      | Killed an ice dragon
  1732 | D:6      | Reached XP level 8. HP: 46/46 MP: 11/11
  1735 | D:6      | Reached skill level 1 in Invocations
  1875 | D:6      | Gained mutation: You are clumsy. (Dex -2) [potion of mutation]
  1875 | D:6      | Gained mutation: You regenerate slowly when monsters are visible. [potion of mutation]
  1875 | D:6      | Lost mutation: You are clumsy. (Dex -2) [potion of mutation]
  1886 | D:6      | Reached skill level 1 in Fighting
  2033 | D:6      | Found a sand-covered staircase.
  2038 | Ossuary  | Entered an ossuary
  2108 | Ossuary  | Reached **** piety under Cheibriados
  2267 | Ossuary  | Noticed Menkaure
  2301 | Ossuary  | HP: 1/48 [Menkaure (21)]
  2303 | Ossuary  | Killed Menkaure
  2386 | Ossuary  | Gained mutation: You are dopey. (Int -2) [potion of mutation]
  2386 | Ossuary  | Gained mutation: You are clumsy. (Dex -2) [potion of mutation]
  2386 | Ossuary  | Gained mutation: Your spells are a little harder to cast, but a little more powerful. [potion of mutation]
  2436 | D:6      | Reached ***** piety under Cheibriados
  2570 | D:7      | Found a bloodstained altar of Trog.
  2645 | D:7      | Reached skill level 9 in Unarmed Combat
  2706 | D:7      | Found a burning altar of Makhleb.
  2716 | D:7      | Found a glowing silver altar of Zin.
  2716 | D:7      | Noticed an angel
  2717 | D:7      | Noticed a green death
  2835 | D:7      | Reached skill level 5 in Invocations
  2835 | D:7      | Reached XP level 9. HP: 24/55 MP: 3/12
  2884 | D:8      | Noticed a two-headed ogre
  2886 | D:8      | Lost mutation: Your spells are a little harder to cast, but a little more powerful. [potion of cure mutation]
  2886 | D:8      | Lost mutation: You are dopey. (Int -2) [potion of cure mutation]
  2886 | D:8      | Lost mutation: You are clumsy. (Dex -2) [potion of cure mutation]
  2886 | D:8      | Lost mutation: You regenerate slowly when monsters are visible. [potion of cure mutation]
  2889 | D:8      | Killed a two-headed ogre
  2903 | D:8      | Found Qiuts's Food Shoppe.
  3068 | D:8      | Noticed a manticore
  3073 | D:8      | Killed a manticore
  3273 | D:9      | Reached skill level 5 in Dodging
  3378 | D:10     | Entered Level 10 of the Dungeon
  3399 | D:10     | Noticed a troll
  3408 | D:10     | Killed a troll
  3497 | D:10     | Reached XP level 10. HP: 65/65 MP: 15/15
  3551 | D:10     | no fucking monsters anywhere, empty levels, WTF
  3579 | D:10     | Reached skill level 10 in Unarmed Combat
  3651 | D:10     | Reached skill level 5 in Fighting
  3679 | D:10     | guardian spirit, nice
  3711 | D:11     | Found a staircase to the Lair.
  3796 | D:11     | i cant believe it, dungeon 9, 10 and 11 totaly empty, 1 ogre per each
  3855 | D:11     | Found a staircase to the Orcish Mines.
  3994 | D:11     | Reached ****** piety under Cheibriados
  4006 | D:11     | Noticed Erolcha
  4009 | D:11     | omfg, misclicked twice, and got 2 crystal spears in face
  4013 | D:11     | lucky me, 2 fire bolts missed
  4075 | D:11     | Noticed a cyclops
  4091 | D:11     | Killed a cyclops
  4513 | D:12     | Noticed a brown ugly thing
  4519 | D:12     | Killed a brown ugly thing
  4519 | D:12     | Reached skill level 11 in Unarmed Combat
  4523 | D:12     | Gained mutation: You are dopey. (Int -2) [mutagenic meat]
  4524 | D:12     | Gained mutation: You are surrounded by a mild repulsion field (EV +2). [mutagenic meat]
  4568 | D:12     | Reached XP level 11. HP: 56/74 MP: 9/16
  4654 | D:12     | Noticed Frances
  4666 | D:12     | Noticed a soul eater
  4668 | D:12     | Killed Frances
  4822 | D:12     | Noticed simok's ghost (journeyman CeHu)
  4865 | D:13     | Noticed a hill giant
  4877 | D:13     | Killed a hill giant
  5180 | D:13     | Noticed a hill giant
  5182 | D:13     | Reached skill level 1 in Shields
  5191 | D:13     | Reached skill level 12 in Unarmed Combat
  5204 | D:13     | Killed a hill giant
  5302 | D:14     | Reached XP level 12. HP: 68/84 MP: 5/17
  5414 | D:14     | Noticed a fire dragon
  5426 | D:14     | Killed a fire dragon
  5428 | D:14     | Reached skill level 5 in Shields
  5446 | D:14     | Found a gate to the Vaults.
  5616 | D:14     | Gained mutation: Scrolls take you a little longer to read. [mutagenic meat]
  5624 | D:14     | Learned a level 4 spell: Animate Dead
  5664 | D:14     | Found a stormy altar of Qazlal.
  5735 | D:14     | Noticed a centaur warrior
  5751 | D:14     | Killed a centaur warrior
  5864 | D:15     | Entered Level 15 of the Dungeon
  5913 | D:15     | Reached skill level 1 in Evocations
  5932 | D:15     | Reached skill level 10 in Dodging
  5943 | D:15     | Noticed a fire dragon
  5952 | D:15     | Noticed a sun demon
  5963 | D:15     | Killed a fire dragon
  5965 | D:15     | Noticed an ogre mage
  6070 | Lair:1   | Entered Level 1 of the Lair of Beasts
  6157 | Lair:1   | Found a labyrinth entrance.
  6166 | Lab      | Entered a labyrinth
  6260 | Lab      | Reached skill level 13 in Unarmed Combat
  6272 | Lab      | Reached skill level 5 in Evocations
  6283 | Lab      | Reached XP level 13. HP: 74/89 MP: 11/18
  6384 | Lab      | Noticed a minotaur
  6564 | Lab      | Killed a minotaur
  6574 | Lab      | Learned a level 4 spell: Ice Form
  6702 | Lair:2   | Reached skill level 1 in Transmutations
  7036 | Lair:3   | Found a staircase to the Shoals.
  7497 | Lair:4   | Reached skill level 5 in Transmutations
  7922 | Lair:6   | Reached XP level 14. HP: 58/95 MP: 4/20
  7988 | Lair:6   | Reached skill level 14 in Unarmed Combat
  8015 | Lair:6   | Found a hole to the Spider Nest.
  8092 | Lair:7   | Found a blossoming altar of Fedhas.
  8239 | Lair:7   | Noticed Josephine
  8244 | Lair:7   | Killed Josephine
  8421 | Lair:8   | Entered Level 8 of the Lair of Beasts
  8619 | Lair:8   | Noticed a dire elephant
  8625 | Lair:8   | Killed a dire elephant
  8664 | Lair:8   | Found a burning altar of Makhleb.
  8719 | Lair:8   | Found a gateway to Hell.
  8803 | Lair:8   | Found a staircase to the Slime Pits.
  9337 | Orc:1    | Entered Level 1 of the Orcish Mines
  9345 | Orc:1    | Noticed an orc warlord
  9353 | Orc:1    | Mangled by an orc warlord

Vault maps used:
D:1:      mrwooster_arrival_statue
D:2:      overflow_temple_1_default, kennysheep_vampire_church
D:3:      yredelemnul_forgotten_temple_becter
D:4:      serial_shops, nicolae_shop_stone, first_bread, st_stairs_9,
          uniq_eustachio
D:5:      nicolae_overflow_hidden_temple, minmay_temple_entry_fiery,
          serial_shops, shop
D:6:      enter_ossuary_2, gammafunk_pakellas_cloud_experiment
D:7:      lemuel_doored_altar, grunt_temple_overflow_order_and_chaos_2,
          basic_altar, serial_glass, glass_columns_c, glass_columns_b
D:8:      wad_arrow_thing, serial_shops, shop
D:9:      minitemple
D:10:     serial_column_ruins, column_ruins_grid_5, column_ruins_grid_1,
          column_ruins_open_large, column_ruins_columns_corner,
          column_ruins_columns_straight, column_ruins_corridor_corner,
          hangedman_stone_soup
D:11:     dpeg_oklobed_lair, orc_0_dummy, serial_shops,
          nicolae_shop_behind_doors, serial_column_ruins,
          column_ruins_open_medium, column_ruins_open_tiny,
          column_ruins_open_medium, column_ruins_grid_4,
          column_ruins_columns_straight, column_ruins_columns_corner,
          lemuel_mausoleum_altar_yredelemnul, uniq_erolcha
D:12:     uniq_frances
D:13:     minmay_misc_feat_cross, minmay_crystal_water, glass_columns_a
D:14:     david_vaults_4, stair_cage_line, grunt_qazlal_sundering
D:15:     gammafunk_enter_depths_forms, minivault_19, minivault_26,
          nicolae_ashenzari_panopticon, uniq_agnes, uniq_louise, uniq_azrael
Lair:1:   lab_entry_generic, minmay_stone_trees_small,
          cheibrodos_lair_reptile_den, grunt_megastairs_3
Lair:3:   minmay_shoals_entry_centaurs
Lair:4:   grunt_megastairs_4
Lair:5:   boulder_dual_corridor_run, patterned_corridor,
          infiniplex_staircase_pool
Lair:6:   spider_nest_entry_rubble, minmay_holes, hangedman_lair_generics_rect
Lair:7:   boulder_quad_collide, basic_altar, uniq_josephine
Lair:8:   evil_forest, nicolae_slime_entry_slimehenge
Lab:      nicolae_lab_starburst, labyrinth_skeletal_remains, lab_fountain,
          nicolae_lab_statue, lab_hedge, nicolae_lab_grate,
          nicolae_lab_very_dead_end
Ossuary:  ossuary_due_pyramid

Skill      XL: |  1  2  3  4  5  6  7  8  9 10 11 12 13 14 |
---------------+-------------------------------------------+-----
Unarmed Combat | 1 2 3 4 6 8 9 11 12 13 14 | 14.4
Invocations    | 5 6 |  6.9
Fighting       | 2 4 6 8 |  8.7
Dodging        | 3 5 7 9 10 12 | 12.1
Shields        | 3 6 |  6.4
Evocations     | 5 9 |  9.0
Transmutations | 6 8 |  8.6
Stealth        | |  2.6
Spellcasting   | |  2.0
Necromancy     | |  4.0

Action                   |  1- 3 |  4- 6 |  7- 9 | 10-12 | 13-15 || total
-------------------------+-------+-------+-------+-------+-------++-------
Melee: Unarmed           |    35 |     7 |   132 |   360 |   414 ||   948
       Constrict         |     9 |    19 |    74 |    52 |    66 ||   220
       Tentacles         |     7 |    15 |    72 |   169 |   162 ||   425
       Short sword       |       |    40 |   118 |       |       ||   158
       Punch             |       |       |    35 |    77 |    84 ||   196
Throw: Tomahawk          |       |       |       |     1 |       ||     1
 Cast: Pain              |    15 |     2 |       |       |       ||    17
       Animate Skeleton  |     5 |    10 |    26 |    17 |    22 ||    80
       Regeneration      |     1 |     4 |    37 |    53 |    38 ||   133
       Animate Dead      |       |       |       |     2 |    18 ||    20
       Ice Form          |       |       |       |       |     5 ||     5
Invok: Slouch            |       |       |       |     7 |    13 ||    20
       Temporal Distorti |       |       |       |       |     1 ||     1
Evoke: Wand              |       |       |       |     4 |    26 ||    30
       Phial of floods   |       |       |       |       |     2 ||     2
  Use: Scroll            |       |     3 |     6 |     6 |     7 ||    22
       Potion            |       |     2 |    14 |     9 |     1 ||    26
 Stab: Sleeping          |     1 |     4 |    31 |    11 |    28 ||    75
       Distracted        |       |       |     1 |     1 |     8 ||    10
       Confused          |       |       |       |       |     2 ||     2
  Eat: Chunk             |       |     1 |    11 |    12 |     9 ||    33
       Pizza             |       |       |     1 |       |       ||     1
       Royal jelly       |       |       |       |     2 |     1 ||     3
       Beef jerky        |       |       |       |     1 |     1 ||     2
       Meat ration       |       |       |       |       |     1 ||     1
Armor: Skin              |    12 |     1 |    23 |     9 |    12 ||    57
Dodge: Dodged            |    43 |    25 |   121 |   342 |   327 ||   858
Block: Buckler           |       |       |       |    36 |   189 ||   225
       Other             |       |       |       |       |     4 ||     4
